 Dungeon Crawl Stone Soup version 0.23.2-30-g0e89c35649 (webtiles) character file.

Game seed: 10612639236643478090

2330 Matador8 the Spear-Bearer (level 9, -9/61 HPs)
             Began as a Merfolk Skald on June 20, 2019.
             Was an Initiate of Gozag.
             Shot with an arrow by a centaur (15 damage)
             ... on level 7 of the Dungeon.
             The game lasted 00:51:55 (10716 turns).

Matador8 the Spear-Bearer (Merfolk Skald)          Turns: 10716, Time: 00:51:56

Health: -9/61      AC:  3    Str: 18    XL:     9   Next: 42%
Magic:  6/12       EV: 18    Int: 14    God:    Gozag
Gold:   163        SH:  0    Dex: 18    Spells: 1/12 levels left

rFire    + + .     SeeInvis .   N - +0 halberd
rCold    + . .     Gourm    .   (shield currently unavailable)
rNeg     . . .     Faith    .   l - +0 leather armour
rPois    +         Spirit   .   (no helmet)
rElec    +         Reflect  .   (no cloak)
rCorr    +         Harm     .   (no gloves)
MR       +....                  (no boots)
Stlth    +++.......             (no amulet)
HPRegen  1.20/turn              p - ring of wizardry
MPRegen  0.13/turn              E - ring of protection from fire

@: mighty, agile, resistant, gold aura, regenerating (expiring)
A: change form in water, swift swim, stealthy swim, blink, magic resistance 1,
sturdy frame 1
a: Blink, Potion Petition, Call Merchant, Bribe Branch, Renounce Religion


You were on level 7 of the Dungeon.
You worshipped Gozag.
Gozag was aware of your devotion.
You were very hungry.

You visited 1 branch of the dungeon, and saw 7 of its levels.
You also visited: Ossuary.

You collected 752 gold pieces.
You paid 589 gold pieces to Gozag.

Inventory:

Hand Weapons
 a - a +0 spear
 b - a +1 hunting sling of flaming
 x - a +0 blowgun
 N - a +0 halberd (weapon)
Missiles
 m - 144 stones (quivered)
 y - 33 poisoned needles
 A - 25 sling bullets
Armour
 j - a +0 scale mail
 l - a +0 leather armour (worn)
 J - the +1 pair of boots of Bedevilment {rC- Str+3 Dex+4}
   (You found it on level 5 of the Dungeon)

   It affects your strength (+3).
   It affects your dexterity (+4).
   It makes you vulnerable to cold.
 M - a +0 shield
Jewellery
 p - a ring of wizardry (left hand)
 C - an uncursed ring of see invisible
 E - a ring of protection from fire (right hand)
Wands
 w - a wand of enslavement (8)
 H - a wand of iceblast (8)
Scrolls
 c - 3 scrolls of teleportation {unknown}
 g - 6 scrolls of amnesia {unknown}
 h - a scroll of enchant armour {unknown}
 n - a scroll of magic mapping {unknown}
 o - 3 scrolls of remove curse
 q - a scroll of random uselessness {unknown}
 r - 6 scrolls of identify
 s - a scroll of fog {unknown}
 z - a scroll of holy word {unknown}
 D - a scroll of summoning {unknown}
 G - 2 scrolls of fear {unknown}
 K - a scroll of blinking {unknown}
 L - 2 scrolls of noise {unknown}
Potions
 f - 5 potions of lignification
 i - a potion of invisibility {unknown}
 k - 7 potions of flight
 t - a potion of berserk rage {unknown}
 u - a potion of might {unknown}
 v - a potion of mutation
 B - a potion of brilliance
 F - a potion of agility {unknown}
 I - a potion of heal wounds {unknown}
Comestibles
 d - 10 rations


   Skills:
 + Level 2.2 Fighting
 - Level 13.1 Polearms
 - Level 0.6 Armour
 + Level 2.7 Dodging
 - Level 2.0 Spellcasting
 - Level 4.7 Hexes
 - Level 5.0 Charms
 - Level 3.3 Necromancy
 - Level 2.0 Translocations


You had one spell level left.
You knew the following spells:

 Your Spells              Type           Power        Failure   Level  Hunger
a - Infusion              Chrm           ###.         1%          1    ##.....
b - Shroud of Golubria    Chrm/Tloc      ##........   3%          2    ###....
c - Spectral Weapon       Hex/Chrm       ###.....     4%          3    ####...
d - Regeneration          Chrm/Necr      ##........   5%          3    ####...
e - Swiftness             Chrm/Air       #.......     5%          2    ###....

Your spell library contained the following spells:

 Spells                   Type           Power        Failure   Level  Hunger
 Shock                    Conj/Air       #...         10%         1    ##.....
 Song of Slaying          Chrm           ###.....     1%          2    ###....
 Static Discharge         Conj/Air       #.......     28%         3    ####...
 Airstrike                Air            #.........   65%         4    #####..
 Lightning Bolt           Conj/Air       #.........   92%         5    ######.


Dungeon Overview and Level Annotations

Branches:
Dungeon (7/15)
 Temple: D:4-7

Altars:
Dithmenos
Elyvilon
Fedhas
Gozag
Hepliaklqana
Nemelex Xobeh
Okawaru
Wu Jian
Yredelemnul
Zin

Shops:
D:7 [

Annotations:
D:5 2 runed translucent doors, Nailok's ghost, novice MfBe


Innate Abilities, Weirdness & Mutations

You revert to your normal form in water You are very nimble and swift while swimming.
You are very stealthy in the water. (Stealth+)
You can translocate small distances at will.
You are resistant to hostile enchantments. (MR+)
Your movements are slightly less encumbered by armour. (ER -2)


Message History

The centaur shoots an arrow.
The arrow barely misses your spectral weapon.
The arrow completely misses you.
You see here an arrow.
Casting: Spectral Weapon (safe; 4% risk of failure)
Confirm with . or Enter, or press ? or * to list all spells.
Your skin crawls.
You are feeling very hungry.
The centaur shoots an arrow.
The arrow barely misses your spectral weapon.
The arrow hits you!
* * * LOW HITPOINT WARNING * * *
Your skin is crawling a little less now.
The centaur shoots an arrow.
The arrow hits your spectral weapon!
Your spectral weapon shares its damage with you!
Your spectral weapon fades away.
* * * LOW HITPOINT WARNING * * *
The centaur shoots an arrow.
The arrow hits you!
You die...
Your body crumbles into a pile of gold.

#..........####..########
###..#####(..<...........
#..# #.####..........
#..#####)##.....#######
.####..#........#.#.#
..................#.#.#
...####...>.......#.#.#
..∩..................#
..####.....@....##.### #
...................# #
#.##..###.(.....#..# #
#.##..# ###........# #
#.##..#####c#####)## #
#.##..oc((..# #.# #
##.##(######## #.# #
#..c....# #.# # #c#####.#
#.##########


You could see a centaur.

Vanquished Creatures
  Pikel (D:6)
  A sky beast (D:7)
  A phantom (D:7)
  3 slaves (D:6)
  3 centaurs
  A bullfrog (D:6)
  A water moccasin zombie (Ossuary)
  A scorpion (D:5)
  2 howler monkeys (D:7)
  A crimson imp (D:5)
  3 centaur zombies (Ossuary)
  2 bullfrog zombies (Ossuary)
  3 orc priests (D:6)
  A centaur skeleton (D:6)
  2 orc wizards
  3 iguanas
  6 worker ants
  A killer bee zombie (Ossuary)
  2 hound zombies (Ossuary)
  16 mummies (Ossuary)
  3 worker ant zombies
  14 adders
  A shadow imp (D:7)
  An ooze (D:1)
  An adder zombie (Ossuary)
  2 adder skeletons (D:4)
  4 worms
  4 dart slugs
  12 orcs
  4 giant cockroaches
  5 goblins
  2 hobgoblins
  4 jackals
  6 kobolds
  3 quokkas
  4 bats
  5 frilled lizards
  A jackal skeleton (D:6)
  A jackal zombie (Ossuary)
  5 leopard gecko zombies (Ossuary)
  2 quokka zombies (Ossuary)
  6 rats
144 creatures vanquished.

Vanquished Creatures (others)
  An orc wizard (D:7)
  9 spectral weapons
  5 withered plants (Ossuary)
15 creatures vanquished.

Grand Total: 159 creatures vanquished

Notes
Turn   | Place    | Note
-------+----------+-------------------------------------------
     0 | D:1      | Matador8 the Merfolk Skald began the quest for the Orb.
     0 | D:1      | Reached XP level 1. HP: 16/16 MP: 3/3
   173 | D:1      | Reached skill level 4 in Polearms
   173 | D:1      | Reached XP level 2. HP: 20/22 MP: 5/5
   580 | D:1      | Reached skill level 5 in Polearms
   580 | D:1      | Reached XP level 3. HP: 7/27 MP: 3/6
  1615 | D:2      | Reached skill level 6 in Polearms
  1811 | D:2      | Reached XP level 4. HP: 33/33 MP: 1/7
  1819 | D:2      | Learned a level 2 spell: Shroud of Golubria
  2465 | D:3      | Reached skill level 1 in Translocations
  2885 | D:3      | Reached XP level 5. HP: 29/38 MP: 3/8
  3428 | D:4      | Noticed a centaur
  3542 | D:4      | Learned a level 3 spell: Spectral Weapon
  3922 | D:4      | Reached skill level 1 in Hexes
  4593 | D:4      | Killed a centaur
  4593 | D:4      | Reached XP level 6. HP: 25/44 MP: 1/9
  4697 | D:4      | Found a shadowy altar of Dithmenos.
  4698 | D:4      | Found an ornate altar of the Wu Jian Council.
  5140 | D:4      | Found an opulent altar of Gozag.
  5146 | D:4      | Became a worshipper of Gozag Ym Sagoz the Greedy
  5152 | D:4      | Found a sparkling altar of Nemelex Xobeh.
  5157 | D:4      | Found a basalt altar of Yredelemnul.
  5164 | D:4      | Found a blossoming altar of Fedhas.
  5169 | D:4      | Found an iron altar of Okawaru.
  5176 | D:4      | Found a white marble altar of Elyvilon.
  5181 | D:4      | Found a hazy altar of Hepliaklqana.
  5740 | D:5      | Entered Level 5 of the Dungeon
  5785 | D:5      | Found a sand-covered staircase.
  5793 | Ossuary  | Entered an ossuary
  5860 | Ossuary  | Reached XP level 7. HP: 49/50 MP: 1/10
  6129 | Ossuary  | Reached skill level 5 in Charms
  6323 | Ossuary  | Reached skill level 7 in Polearms
  6583 | Ossuary  | Reached skill level 8 in Polearms
  6854 | Ossuary  | Reached XP level 8. HP: 52/56 MP: 7/11
  6867 | Ossuary  | Reached skill level 9 in Polearms
  7246 | D:4      | Learned a level 3 spell: Regeneration
  7591 | D:4      | Reached skill level 10 in Polearms
  7930 | D:5      | Found a large runed translucent door.
  7930 | D:5      | Found a large runed translucent door.
  7930 | D:5      | Noticed Nailok's ghost (novice MfBe)
  8163 | D:5      | Got a pair of brightly glowing boots
  8169 | D:5      | Identified the +1 pair of boots of Bedevilment {rC- Str+3
                  | Dex+4} (You found it on level 5 of the Dungeon)
  8481 | D:6      | Noticed Pikel
  9001 | D:6      | Reached skill level 11 in Polearms
  9282 | D:6      | Gained mutation: You can translocate small distances at
                  | will. [potion of mutation]
  9282 | D:6      | Gained mutation: Your movements are slightly less
                  | encumbered by armour. (ER -2) [potion of mutation]
  9282 | D:6      | Gained mutation: You are resistant to hostile enchantments.
                  | (MR+) [potion of mutation]
  9290 | D:6      | Killed Pikel
  9290 | D:6      | Reached skill level 13 in Polearms
  9290 | D:6      | Reached XP level 9. HP: 5/61 MP: 5/12
 10162 | D:6      | Reached skill level 1 in Necromancy
 10238 | D:6      | Found a glowing silver altar of Zin.
 10360 | D:7      | Learned a level 2 spell: Swiftness
 10688 | D:7      | Found Kuyninot's Armour Shoppe.
 10712 | D:7      | HP: 3/61 [centaur/arrow (9)]
 10716 | D:7      | Shot with an arrow by a centaur

Skill      XL: |  1  2  3  4  5  6  7  8  9 |
---------------+----------------------------+-----
Polearms       | 4 5 6 8 13 | 13.1
Translocations | 1 2 |  2.0
Hexes          | 2 4 |  4.7
Charms         | 4 5 |  5.0
Necromancy     | 3 |  3.3
Fighting       | |  2.2
Armour         | |  0.6
Dodging        | |  2.7
Spellcasting   | |  2.0

Action                   |  1- 3 |  4- 6 |  7- 9 || total
-------------------------+-------+-------+-------++-------
Melee: Spear             |   122 |   246 |   393 ||   761
       Halberd           |       |       |    13 ||    13
 Cast: Infusion          |     5 |    20 |     6 ||    31
       Shroud of Golubri |       |     8 |     1 ||     9
       Spectral Weapon   |       |     2 |    49 ||    51
       Regeneration      |       |       |     1 ||     1
Invok: Potion Petition   |       |       |     3 ||     3
  Use: Scroll            |       |     3 |     2 ||     5
       Potion            |       |       |     4 ||     4
 Stab: Sleeping          |     1 |       |     1 ||     2
       Distracted        |       |       |     3 ||     3
  Eat: Chunk             |     3 |     8 |       ||    11
       Ration            |       |     2 |     6 ||     8
Armor: Leather armour    |    15 |    27 |    19 ||    61
Dodge: Dodged            |    51 |   106 |   107 ||   264
